 Dungeon Crawl Stone Soup version 0.31-a0-210-gccc998df9b (webtiles) character file.

Game seed: 18062925334770863067

270 senseless the Chopper (level 6, -3/56 HPs)
             Began as a Minotaur Fighter on June 30, 2023.
             Was a Follower of Cheibriados.
             Slain by an ogre
             ... wielding a +0 giant spiked club
              (12 damage)
             ... on level 5 of the Dungeon.
             The game lasted 00:03:52 (1608 turns).

senseless the Chopper (Minotaur Fighter)            Turns: 1608, Time: 00:03:53

Health: -3/56      AC:  7    Str: 25    XL:     6   Next: 1%
Magic:  5/5        EV:  9    Int:  7    God:    Cheibriados [*.....]
Gold:   137        SH:  5    Dex: 11    Spells: 5/5 levels left

rFire   . . .        a - +0 war axe
rCold   . . .        c - +0 buckler
rNeg    . . .        b - +0 scale mail
rPois   .            (helmet restricted)
rElec   .            (no cloak)
rCorr   .            (no gloves)
SInv    .            (no boots)
Will    .....        e - amulet of the acrobat Stlth
                     (no ring)
HPRegen 0.29/turn    (no ring)
MPRegen 0.09/turn

%: acrobat
@: mighty, studying Axes, very slow
A: horns 2, retaliatory headbutt
a: Renounce Religion, Bend Time


You were on level 5 of the Dungeon.
You worshipped Cheibriados.
Cheibriados was aware of your devotion.
You visited 1 branch of the dungeon, and saw 5 of its levels.

You collected 137 gold pieces.

Inventory:

Hand Weapons
 a - a +0 war axe (weapon)
 r - a +2 whip of flaming
Armour
 b - a +0 scale mail (worn)
 c - a +0 buckler (worn)
Jewellery
 e - an amulet of the acrobat (around neck)
Scrolls
 g - a scroll of immolation {unknown}
 h - a scroll of poison {unknown}
 i - 2 scrolls of revelation {unknown}
 j - a scroll of amnesia {unknown}
 n - a scroll of acquirement {unknown}
 p - a scroll of identify {unknown}
 q - a scroll of blinking {unknown}
Potions
 k - a potion of haste {unknown}
 l - a potion of attraction {unknown}
 m - a potion of lignification {unknown}
 o - a potion of ambrosia {unknown}
 s - a potion of enlightenment {unknown}


   Skills:
 + Level 5.1 Fighting
 + Level 5.3 Axes
 + Level 5.1 Armour
 + Level 5.1 Shields


You had 5 spell levels left.
You didn't know any spells.
Your spell library contained the following spells:

 Spells                   Type           Power      Damage    Failure   Level
 Fireball                 Conj/Fire      0%         3d3       100%        5
 Iskenderun's Battlesphe  Conj           0%         2d6       100%        5
 Conjure Ball Lightning   Conj/Air       0%         3x3d6     100%        6
 Orb of Destruction       Conj           0%         9d5       100%        7


Dungeon Overview and Level Annotations

Branches:
Dungeon (6/15)             Temple (0/1) D:6

Altars:
Cheibriados
Okawaru


Innate Abilities, Weirdness & Mutations

You have a pair of horns on your head.
You reflexively headbutt those who attack you in melee.


Message History

Cheibriados appreciates the change of pace.
You slash the orc!
You kill the orc!
Cheibriados thoroughly appreciates the change of pace.
You can now bend time to slow others.
Cheibriados raises the support of your attributes as your movement slows.
You closely miss something. Something hits you.
Your Shields skill increases to level 5!
You have reached level 6!
You miss something. Your headbutt misses something.
You feel less confused. Something hits you but does no damage.
Something hits you.
You hit something but do no damage. Your headbutt misses something.
Something hits you but does no damage.
You closely miss something. Your headbutt misses something.
You closely miss the ogre.
You hear some strange, mumbled words.
You are confused.
The ogre closely misses you.
You completely miss something. You slash the ogre!
Something hits you but does no damage. The ogre barely misses you.
The ogre attacks as you move away!
The ogre hits you with a +0 giant spiked club!!
* * * LOW HITPOINT WARNING * * *
Something misses you. Something closely misses you.
You see here a +0 war axe.
It was a potion of curing.
You feel better.
You hear some strange, mumbled words.
A puff of flame appears from out of thin air!
The puff of flame misses you.
Welcome back, senseless the Minotaur Fighter.
Cheibriados says: Take it easy.
Press ? for a list of commands and other information.
You feel very mighty all of a sudden. The ogre completely misses you.
You block something's attack.
Deactivating autopickup; reactivate with Ctrl-A.
You closely miss something. Your headbutt misses something. You slash the ogre!
Something hits you but does no damage.
The ogre hits you with a +0 giant spiked club!
You die...

#. #.#
####.##.####
...#.......#
.........##
#........######
#......>.......
#........######
#..[O...##
#...@{..#
#.....#....#
#.###...#..# #
#.###..# #.
#..# #. ..# ..
.# #.


You could see an ogre.

Vanquished Creatures
  A phantom (D:6)
  A kobold brigand (D:6)
  A howler monkey (D:5)
  An iguana (D:6)
  2 adders
  A worm (D:2)
  A dart slug (D:1)
  7 orcs
  A bat (D:1)
  4 endoplasms
  2 goblins (D:1)
  4 hobgoblins
  5 ball pythons (D:1)
  3 frilled lizards
  5 kobolds
  A rat (D:1)
40 creatures vanquished.

Notes
Turn   | Place    | Note
-------+----------+-------------------------------------------
     0 | D:1      | senseless the Minotaur Fighter began the quest for the Orb.
     0 | D:1      | Reached XP level 1. HP: 19/19 MP: 0/0
   173 | D:1      | Reached XP level 2. HP: 27/27 MP: 1/1
   714 | D:2      | Reached XP level 3. HP: 32/33 MP: 2/2
   847 | D:2      | Found a snail-covered altar of Cheibriados.
   856 | D:2      | Became a worshipper of Cheibriados the Contemplative
  1320 | D:3      | Found an iron altar of Okawaru.
  1323 | D:3      | You fall into a shaft and drop 3 floors!
  1323 | D:6      | Found a staircase to the Ecumenical Temple.
  1348 | D:6      | Noticed a kobold brigand
  1364 | D:6      | Killed a kobold brigand
  1365 | D:6      | Reached XP level 4. HP: 26/41 MP: 3/3
  1379 | D:6      | Reached XP level 5. HP: 6/47 MP: 4/4
  1512 | D:6      | Noticed a phantom
  1524 | D:6      | Killed a phantom
  1525 | D:6      | Reached skill level 5 in Axes
  1525 | D:6      | Reached skill level 5 in Armour
  1579 | D:5      | Entered Level 5 of the Dungeon
  1585 | D:5      | Reached skill level 5 in Fighting
  1597 | D:5      | Noticed an ogre
  1600 | D:5      | Reached * piety under Cheibriados
  1601 | D:5      | Reached skill level 5 in Shields
  1601 | D:5      | Reached XP level 6. HP: 25/56 MP: 5/5
  1608 | D:5      | Slain by an ogre

Illustrated notes

Levels and vault maps discovered:
D:1:      lightli_arrival_isolated_outpost, layout_loops_ring,
          hangedman_abyss_or_decor_lesser_grid
D:2:      layout_rooms, basic_altar, reono_crystal_passage,
          hangedman_abyss_or_decor_stabs
D:3:      layout_basic, lemuel_doored_altar, okawaru_trees_1,
          chei_slow_surprise, mainiacjoe_overflow_chevrons,
          gammafunk_ghost_cemetery, uniq_jessica, uniq_natasha,
          uniq_crazy_yiuf_cottage
D:5:      layout_loops_ring, lemuel_tele_altar, gammafunk_ghost_cemetery,
          chequers_decorated_corner, kennysheep_small_spiral,
          minmay_misc_feat_room
D:6:      layout_basic, minmay_temple_entry_mist

Skill      XL: |  1  2  3  4  5 |
---------------+----------------+-----
Fighting       | 4 5 |  5.1
Axes           | 3 4 5 |  5.3
Armour         | 4 5 |  5.1
Shields        | 4 5 |  5.1

Action                     |  1- 3 |  4- 6 || total
---------------------------+-------+-------++-------
  Melee: War axe           |    83 |    41 ||   124
         Headbutt          |    10 |     7 ||    17
    Use: Potion            |       |     2 ||     2
 Armour: Scale mail        |    37 |    15 ||    52
  Dodge: Dodged            |    48 |    27 ||    75
  Block: Buckler           |    11 |     6 ||    17

Table legend: (Time is in decaauts)
 A = Elapsed time spent in this place.
 B = Non-inter-level travel time spent in this place.
 C = Inter-level travel time spent in this place.
 D = Time resting spent in this place.
 E = Time spent auto-exploring this place.
 F = Levels seen in this place.
 G = Mean time per level.
                   A        B        C        D        E       F      G
               +--------+--------+--------+--------+--------+-----+--------+
         Total |   1803 |   1731 |     72 |    130 |   1277 |   5 |  360.6 |
       Dungeon |   1803 |   1731 |     72 |    130 |   1277 |   5 |  360.6 |
               +--------+--------+--------+--------+--------+-----+--------+

Top non-repeatable levels by time:
     D:1: 690 daAuts
     D:2: 635 daAuts
     D:6: 281 daAuts
     D:3: 159 daAuts
     D:5: 35 daAuts
